 Seeded DCSS version 0.28-a0-631-g0446da8ef9 (webtiles) character file.

Game seed: 20211010 (custom seed)

32 a11behringer the Shield-Bearer (level 3, 0/30 HPs)
             Began as a Formicid Fighter on Oct 10, 2021.
             Slain by an adder (1 damage)
             ... on level 2 of the Dungeon.
             The game lasted 00:04:05 (963 turns).

a11behringer the Shield-Bearer (Formicid Fighter)    Turns: 963, Time: 00:04:06

Health: 0/30       AC:  8    Str: 21    XL:     3   Next: 42%
Magic:  3/3        EV:  9    Int:  7    God:
Gold:   93         SH:  4    Dex: 10    Spells: 2/2 levels left

rFire   . . .      SeeInvis +   j - +0 great sword
rCold   . . .      Faith    .   c - +0 buckler
rNeg    . . .      Spirit   .   b - +0 scale mail
rPois   .          Reflect  .   (helmet unavailable)
rElec   .          Harm     .   (no cloak)
rCorr   .          Rampage  .   (no gloves)
Will    .....                   f - +0 pair of boots
Stlth   ..........              (no amulet)
HPRegen 0.10/turn               (no ring)
MPRegen 0.08/turn               (no ring)

@: lethally poisoned (0 -> -3)
A: permanent stasis, dig shafts and tunnels, antennae 3, four strong arms
a: Dig, Shaft Self


You were on level 2 of the Dungeon.
You visited 1 branch of the dungeon, and saw 2 of its levels.

You collected 93 gold pieces.

Inventory:

Hand Weapons
 a - a +0 long sword
 j - a +0 great sword (weapon)
Armour
 b - a +0 scale mail (worn)
 c - a +0 buckler (worn)
 f - a +0 pair of boots (worn)
Scrolls
 h - a scroll of amnesia {unknown}
 i - a scroll of enchant armour {unknown}
 k - a scroll of teleportation {unknown}
 l - a scroll of identify {unknown}
Potions
 d - a potion of might
 e - 2 potions of curing {unknown}
 g - a potion of flight {unknown}


   Skills:
 + Level 3.7 Fighting
 * Level 2.6 Long Blades
 + Level 3.6 Armour
 + Level 0.2 Dodging
 + Level 3.9 Shields


You had 2 spell levels left.
You didn't know any spells.
Your spell library was empty.

Dungeon Overview and Level Annotations

Branches:
Dungeon (2/15)

Altars:
Vehumet


Innate Abilities, Weirdness & Mutations

You cannot be hasted, slowed, berserked, paralysed or teleported.
You can dig through walls and to a lower floor.
You have a pair of large antennae on your head. (SInv)
Your four strong arms can wield two-handed weapons with a shield.


Message History

The goblin misses you.
You slice the goblin!!
You kill the goblin!
Vehumet rains destruction down upon you!
The magic dart hits you.
Items here: )) ††.
A bat comes into view.
You closely miss the bat. You block the bat's attack.
You completely miss the bat. You block the bat's attack.
You closely miss the bat. The bat hits you but does no damage.
You completely miss the bat. The bat hits you but does no damage.
The bat hits you.
You slice the bat!!
You kill the bat!
Found a runed scarf and a scroll labelled HYHAMAH PEECUO.
You now have 93 gold pieces (gained 9).
You sense a monster nearby.
An adder comes into view.
The adder hisses angrily.
You hear a shout!
A goblin comes into view. It is wielding a +0 club.
Found a book of Necromancy.
The adder bites you.
You are poisoned.
The adder poisons you!
You closely miss the adder.
You feel sick. The adder bites you but does no damage.
The adder barely misses you.
You barely miss the adder.
You feel sick. The adder bites you.
* * * LOW HITPOINT WARNING * * *
You are more poisoned.
The adder poisons you! The adder bites you.
* * * LOW HITPOINT WARNING * * *
You miss the adder.
* * * LOW HITPOINT WARNING * * *
You feel sick. The adder bites you.
* * * LOW HITPOINT WARNING * * *
The adder closely misses you.
You miss the adder.
* * * LOW HITPOINT WARNING * * *
You feel sick. The adder bites you but does no damage.
The goblin hits you but does no damage. The adder bites you.
You die...

................#
#.........:......#
#......$.........#
.................#
#.............>..#
.....?...........#
#................#
#................#
#.....g@.........#
#####[S########..#
#.. #...).># #.:
#.####.# ... #.
#.# .... .. #.#
##..#.# ##.# ##..
##..# { ####..##


You could see an adder and a goblin.

Vanquished Creatures
  An adder (D:2)
  2 dart slugs (D:1)
  2 bats
  An endoplasm (D:1)
  A giant cockroach (D:1)
  3 hobgoblins (D:2)
  A kobold (D:1)
  2 ball pythons
  2 frilled lizards
  2 goblins (D:2)
  2 rats (D:1)
19 creatures vanquished.

Notes
Turn   | Place    | Note
-------+----------+-------------------------------------------
     0 | D:1      | a11behringer the Formicid Fighter began the quest for the
                  | Orb.
     0 | D:1      | Reached XP level 1. HP: 18/18 MP: 1/1
   321 | D:1      | Reached XP level 2. HP: 24/24 MP: 2/2
   701 | D:1      | Found a faded altar of an unknown god.
   710 | D:1      | Became a worshipper of Vehumet
   710 | D:1      | Reached * piety under Vehumet
   710 | D:1      | Offered knowledge of Freeze by Vehumet.
   724 | D:1      | Fell from the grace of Vehumet
   836 | D:2      | Reached XP level 3. HP: 11/30 MP: 3/3
   963 | D:2      | HP: 1/30 [poisoned by an adder]
   963 | D:2      | Slain by an adder

Illustrated notes

Levels and vault maps discovered:
D:1:      lightli_arrival_boilingwater, layout_loops_ring,
          shapermc_ecumenical_altar_hornbeckon
D:2:      layout_rooms, basic_altar, uniq_robin, uniq_sigmund

Action                   || total
-------------------------++-------
Melee: Long sword        ||    24
       Great sword       ||    62
Invok: Renounce Religion ||     1
 Abil: Dig               ||     1
Armor: Scale mail        ||    50
Dodge: Dodged            ||    45
Block: Buckler           ||    22

Table legend: (Time is in decaauts)
 A = Elapsed time spent in this place.
 B = Non-inter-level travel time spent in this place.
 C = Inter-level travel time spent in this place.
 D = Time resting spent in this place.
 E = Time spent auto-exploring this place.
 F = Levels seen in this place.
 G = Mean time per level.
                   A        B        C        D        E       F      G
               +--------+--------+--------+--------+--------+-----+--------+
         Total |   1021 |    957 |     64 |      0 |    729 |   2 |  510.5 |
       Dungeon |   1021 |    957 |     64 |      0 |    729 |   2 |  510.5 |
               +--------+--------+--------+--------+--------+-----+--------+

Top non-repeatable levels by time:
     D:1: 780 daAuts
     D:2: 240 daAuts
